 Seeded DCSS version 0.27-a0-29-g2d0a2396b0 (webtiles) character file.

Game seed: 3165166927895876312 (custom seed)

22 muata the Vexing (level 2, 0/23 HPs)
             Began as a Gnoll Arcane Marksman on Jan 3, 2021.
             Slain by a jackal (1 damage)
             ... on level 2 of the Dungeon on Jan 4, 2021.
             The game lasted 00:06:47 (1126 turns).

muata the Vexing (Gnoll Arcane Marksman)            Turns: 1126, Time: 00:06:47

Health: 0/23       AC:  4    Str: 12    XL:     2   Next: 91%
Magic:  5/5        EV: 14    Int: 15    God:
Gold:   53         SH:  0    Dex: 15    Spells: 5/6 levels left

rFire    . . .     SeeInvis .   i - +0 short sword
rCold    . . .     Faith    .   (no shield)
rNeg     . . .     Spirit   .   e - +0 robe
rPois    .         Reflect  .   (no helmet)
rElec    .         Harm     .   m - +0 cloak
rCorr    .         Rampage  .   k - +0 pair of gloves
Will     .....                  (no boots)
Stlth    ++........             (no amulet)
HPRegen  0.07/turn              (no ring)
MPRegen  0.09/turn              (no ring)

@: lethally poisoned (0 -> -7)
A: distributed training, fangs 1, strong nose
a: no special abilities


You were on level 2 of the Dungeon.
You visited 1 branch of the dungeon, and saw 2 of its levels.

You collected 53 gold pieces.

Inventory:

Hand Weapons
 a - a +0 shortbow
 i - a +0 short sword (weapon)
Missiles
 b - 6 datura-tipped darts
 c - 32 stones (quivered)
 d - 14 arrows
 f - 4 boomerangs
Armour
 e - a +0 robe (worn)
 k - a +0 pair of gloves (worn)
 m - a +0 cloak (worn)
 n - a +0 leather armour
Scrolls
 g - a scroll of identify {unknown}
 h - 3 scrolls of teleportation {unknown}
 o - a scroll of noise {unknown}
Potions
 j - a potion of lignification {unknown}
 l - a potion of haste {unknown}


   Skills:
 + Level 2.5 Fighting
 + Level 0.5 Short Blades
 + Level 0.5 Long Blades
 + Level 0.5 Axes
 + Level 0.5 Maces & Flails
 + Level 0.5 Polearms
 + Level 0.5 Staves
 + Level 0.5 Slings
 + Level 4.5 Bows
 + Level 0.5 Crossbows
 + Level 0.5 Throwing
 + Level 0.5 Armour
 + Level 4.5 Dodging
 + Level 0.5 Stealth
 + Level 0.5 Shields
 + Level 0.5 Unarmed Combat
 + Level 2.7 Spellcasting
 + Level 0.4 Conjurations
 + Level 5.4 Hexes
 + Level 0.4 Summonings
 + Level 0.4 Necromancy
 + Level 0.4 Translocations
 + Level 0.4 Transmutations
 + Level 0.4 Fire Magic
 + Level 0.4 Ice Magic
 + Level 0.4 Air Magic
 + Level 0.4 Earth Magic
 + Level 0.4 Poison Magic
 + Level 0.7 Invocations
 + Level 0.5 Evocations


You had 5 spell levels left.
You knew the following spells:

 Your Spells              Type           Power        Failure   Level
a - Corona                Hex            20%          2%          1

Your spell library contained the following spells:

 Spells                   Type           Power        Failure   Level
 Slow                     Hex            18%          3%          2
 Inner Flame              Hex/Fire       10%          19%         3
 Portal Projectile        Hex/Tloc       20%          19%         3
 Cause Fear               Hex            9%           22%         4
 Leda's Liquefaction      Hex/Erth       5%           52%         4


Dungeon Overview and Level Annotations

Branches:
Dungeon (2/15)

Altars:


Innate Abilities, Weirdness & Mutations

Your experience applies equally to all skills.
You have very sharp teeth.
Your uncanny sense of smell can sniff out nearby items.


Message History

The worker ant is severely wounded.
* * * LOW HITPOINT WARNING * * *
You feel sick.
The worker ant bites you but does no damage.
The goblin hits you but does no damage. The worker ant misses you.
You completely miss the worker ant.
The worker ant is severely wounded.
The jackal bites you but does no damage.
The worker ant misses you. The goblin misses you.
You hit the worker ant but do no damage.
The worker ant is severely wounded.
* * * LOW HITPOINT WARNING * * *
You feel sick.
The jackal bites you but does no damage.
The worker ant barely misses you. The goblin barely misses you.
You hit the worker ant.
You bite the worker ant, but do no damage.
The worker ant is almost dead.
The jackal bites you.
You die...

.# .. (. #. #.#
#. ..(# #. ..$#
∆ #. #..##.#
####.###h(...8.
#.##.#
#......@B#
#.##.#
#.##....g#
#.##.#
#.###.##...#
#.##.# #.# #.#
....# #.##.# #.#
#.# ####.(.
#.##.# #.# #.#
## #.##.# #.#
#.#
#.##.#####.###.#
......†........#


You could see a worker ant, a jackal and a goblin.

Vanquished Creatures
  An ooze (D:1)
  A dart slug (D:1)
  2 bats
  2 goblins (D:1)
  2 hobgoblins
  3 kobolds (D:1)
  A frilled lizard (D:1)
  5 rats
17 creatures vanquished.

Notes
Turn   | Place    | Note
-------+----------+-------------------------------------------
     0 | D:1      | muata the Gnoll Arcane Marksman began the quest for the
                  | Orb.
     0 | D:1      | Reached XP level 1. HP: 17/17 MP: 4/4
   494 | D:1      | Reached XP level 2. HP: 23/23 MP: 5/5
  1125 | D:2      | HP: 1/23 [poisoned by a worker ant]
  1126 | D:2      | Slain by a jackal

Illustrated notes

Levels and vault maps discovered:
D:1:      saegor_arrival_simple_b, layout_loops_corners
D:2:      minmay_diamond_boxcup, layout_loops_ring, minmay_pentomino_q4

Action                   || total
-------------------------++-------
Melee: Short sword       ||    37
       Bite              ||     5
 Fire: Shortbow          ||    19
Throw: Stone             ||    21
 Cast: Corona            ||    12
Armor: Robe              ||    28
Dodge: Dodged            ||    47

Table legend: (Time is in decaauts)
 A = Elapsed time spent in this place.
 B = Non-inter-level travel time spent in this place.
 C = Inter-level travel time spent in this place.
 D = Time resting spent in this place.
 E = Time spent auto-exploring this place.
 F = Levels seen in this place.
 G = Mean time per level.
                   A        B        C        D        E       F      G
               +--------+--------+--------+--------+--------+-----+--------+
         Total |   1128 |   1103 |     25 |     28 |    709 |   2 |  564.0 |
       Dungeon |   1128 |   1103 |     25 |     28 |    709 |   2 |  564.0 |
               +--------+--------+--------+--------+--------+-----+--------+

Top non-repeatable levels by time:
     D:1: 1034 daAuts
     D:2: 94 daAuts
